 Dungeon Crawl Stone Soup version 0.32-a0-18-g89e19f1974 (webtiles) character file.

Game seed: 701945075326738300

38173 Xavori the Nimble (level 14, -5/103 HPs)
             Began as a Djinni Chaos Knight on Jan 16, 2024.
             Was a Plaything of Xom.
             Slain by an eight-headed hydra (12 damage)
             ... on level 4 of the Lair of Beasts.
             The game lasted 00:40:16 (25944 turns).

Xavori the Nimble (Djinni Chaos Knight)            Turns: 25944, Time: 00:40:17

Health: -5/103     AC:  9    Str: 12 (13) XL:     14   Next: 32%
Gold:   1496       EV: 24    Int: 14 (16) God:    Xom [.*....] SH:  5 Dex: 19 (20)

rFire   + + +        M - +1 scimitar (flame)
rCold   + + +        (no shield)
rNeg    + . .        I - +0 troll leather armour
rPois   ∞            (no helmet)
rElec   +            d - scarf of Tiucaenk {rC+ rF+, rElec}
rCorr   .            T - +0 pair of gloves of Dishonesty {^Contam *Slow rPois rC+++}
SInv    .            (boots unavailable)
Will    +....        E - amulet of reflection
Stlth   +++++        j - ring of protection from fire
HPRegen 1.17/turn    R - ring of Cex Buod {rN+ EV+5 Str+2 Stlth+}
MPRegen 0.00/turn

%: slow self (1%), reflection, clarity, infuse magic (-6 HP)
@: flying, slowed, very slow
A: sickness immunity, fire resistance 2, cold vulnerability 1, float, innate
caster, HP casting, extra vitality 1, iridescent scales 2, thin skeletal
structure 2, clarity, screaming 1, wild magic 1, inability to drink after injury
1, MP-powered wands, sturdy frame 1
a: Renounce Religion


You were on level 4 of the Lair of Beasts.
You worshipped Xom.
You were a plaything of Xom.
You visited 2 branches of the dungeon, and saw 15 of its levels.
You also visited: Ossuary, Gauntlet and Volcano.

You collected 1496 gold pieces.

Inventory:

Hand Weapons
 x - a +1 falchion of freezing
 M - a +1 scimitar of flaming (weapon)
Armour
 b - a +2 leather armour
 d - the scarf of Tiucaenk (worn) {rC+ rF+, rElec}
   (You acquired it in an ossuary)

   rElec:     It insulates you from electricity.
 k - a +2 pair of gloves
 I - a +0 troll leather armour (worn)
 P - a scarf of invisibility
 T - the +0 pair of gloves of Dishonesty (worn) {^Contam *Slow rPois rC+++}
   (You found it in a Gauntlet)

   rC+++:     It renders you almost immune to cold.
   rPois:     It protects you from poison ^Contam: It causes magical
   contamination when unequipped.
   *Slow:     It may slow you when you take damage.
Jewellery
 j - a ring of protection from fire (left hand)
 n - a ring of wizardry
 s - a ring of protection from fire
 w - a ring of positive energy
 E - an amulet of reflection (around neck)
 O - a ring of wizardry
 R - the ring of Cex Buod (right hand) {rN+ EV+5 Str+2 Stlth+}
   (You found it in a Gauntlet)

   [ring of evasion]

   EV+5:      It affects your evasion (+5).
   Str+2:     It affects your strength (+2).
   rN+:       It protects you from negative energy.
   Stlth+:    It makes you more stealthy.
 U - the ring "Yzuimper" {rPois SInv}
   (You found it in a Gauntlet)

   [ring of see invisible]

   rPois:     It protects you from poison SInv: It lets you see invisible.
Wands
 i - a wand of iceblast (33)
 t - a wand of paralysis (20)
 H - a wand of polymorph (14)
 J - a wand of flame (20)
Scrolls
 a - a scroll of poison
 c - 4 scrolls of butterflies
 l - 4 scrolls of immolation
 m - 5 scrolls of teleportation
 o - 2 scrolls of blinking
 r - 4 scrolls of fog
 v - 6 scrolls of enchant weapon
 y - 4 scrolls of revelation
 z - 3 scrolls of vulnerability
 G - a scroll of torment
 K - a scroll of enchant armour
 L - 4 scrolls of identify
 N - a scroll of silence {unknown}
 V - a scroll of brand weapon {unknown}
Potions
 e - 5 potions of curing
 f - 4 potions of resistance
 g - 7 potions of heal wounds
 h - 3 potions of ambrosia
 q - a potion of berserk rage
 u - 2 potions of invisibility
 A - 6 potions of enlightenment {unknown}
 B - a potion of attraction
 C - a potion of mutation {unknown}
 D - 7 potions of brilliance
 F - 3 potions of haste
 Q - a potion of cancellation
 S - a potion of magic {unknown}
Miscellaneous
 p - a phantom mirror


   Skills:
 + Level 10.0 Fighting
 + Level 9.1 Long Blades
 + Level 9.5 Armour
 + Level 10.6 Dodging
 * Level 9.4 Spellcasting
 * Level 9.4 Conjurations
 * Level 9.4 Hexes
 * Level 9.4 Summonings
 * Level 9.4 Necromancy
 * Level 9.4 Translocations
 * Level 9.4 Fire Magic
 * Level 9.4 Ice Magic
 * Level 9.4 Air Magic
 * Level 9.4 Earth Magic
 * Level 9.4 Alchemy
 - Level 9.0 Evocations


You knew the following spells:

 Your Spells              Type           Power      Damage    Failure   Level
a - Summon Small Mammal   Summ           100%       N/A       1%          1
b - Mercury Vapours       Alch/Air       84%        N/A       1%          2
c - Gell's Gravitas       Tloc           42%        N/A       1%          3
d - Inner Flame           Hex/Fire       42%        N/A       1%          3
e - Brom's Barrelling Bo  Conj/Erth      42%        2d6       4%          4
f - Fireball              Conj/Fire      21%        3d10      11%         5
Your spell library was empty.

Dungeon Overview and Level Annotations

Branches:
Dungeon (11/15)            Temple (0/1) D:6            Lair (4/5) D:10
 Shoals (0/4) Lair:3       Spider (0/4) Lair:3          Orc (0/2) D:11
Ossuary (visited)         Volcano (visited)         Gauntlet (visited)
  Slime: Lair:4-5

Altars:
Ashenzari
Cheibriados
Dithmenos
Gozag
Hepliaklqana
Nemelex Xobeh
Ru
Uskayaw
Xom
Yredelemnul
The Shining One

Shops:
D:6 (:

Annotations:
D:5 1 runed translucent door, petzl's ghost, weakling FoDe
D:11 1 runed translucent door, swappor's ghost, journeyman GrEE
Lair:4 Kirke


Innate Abilities, Weirdness & Mutations

You are immune to sickness and miasma.
You are immune to poison.
Your flesh is very heat resistant. (rF++)
You are vulnerable to cold. (rC-)
You float through the air rather than walking.
You learn spells naturally, not from books.
Your magical power is your life essence.
You have superior vitality. (+4 MHP)
You are mostly covered in iridescent scales. (AC +4)
You have a moderately thin skeletal structure. (Dex +4, Stealth++)
You possess an exceptional clarity of mind.
You occasionally shout uncontrollably at your foes.
Your spells are a little harder to cast, but a little more powerful.
You occasionally lose the ability to drink potions when taking damage.
You expend health (3 HP) to strengthen your wands.
Your movements are slightly less encumbered by armour. (ER -2)


Message History

Something hits you! Something hits you. Something misses you.
You miss something.
You feel you are being watched by something.
Something completely misses you. Something misses you. Something stings you.
You emit a cloud of colourful smoke!
You feel clumsy.
You hit something but do no damage. Something closely misses you.
Something hits you!
You feel weakened. Something barely misses you. Something misses you.
Something hits you. Something misses you.
You hit something but do no damage.
You feel you are being watched by something.
Something hits you! x2
You feel dopey. Something barely misses you.
You feel you are being watched by something.
Something hits you!
* * * LOW HITPOINT WARNING * * *
Something hits you!
* * * LOW HITPOINT WARNING * * *
Something misses you.
Blink to where?
Press: ? - help, Dir - move target
As you read the scroll of blinking, it crumbles to dust.
As you read the scroll of teleportation, it crumbles to dust.
You feel strangely unstable.
You feel you are being watched by something. x2
You feel you are being watched by something.
Your surroundings suddenly seem different.
An eight-headed hydra comes into view.
The eight-headed hydra misses you.
The eight-headed hydra completely misses you.
The eight-headed hydra bites you!
* * * LOW HITPOINT WARNING * * *
The eight-headed hydra bites you!
* * * LOW HITPOINT WARNING * * *
The eight-headed hydra misses you. The eight-headed hydra bites you!
You die...
Xom titters!

..# #.....###...# .##
##.....##...## ..#
###P...###....#.## ..##
##.......##........ <..#
#.......###........ .P##
###......##......... ..#
##....##.####.#.#####
..## #P...######
######### .#.###
#####..@###.P#####..##..
.....#
...>...D............[...
.....#
#.......................
.....#
#.......................
##..##
#P..##.#P...###P.#.#####
####.# #### ########
###### # ###


You could see an eight-headed hydra.

Vanquished Creatures
  Gastronok (Lair:1)
  A stone giant (Volcano)
  A minotaur (Gauntlet)
  2 hydras
  Erolcha (D:9)
  A satyr (Gauntlet)
  A two-headed ogre (D:11)
  A hell hog (Gauntlet)
  2 skysharks
  A sun moth (Lair:3)
  A deep elf pyromancer (D:9)
  A necromancer (Lair:2)
  An ugly thing (D:9)
  A manticore (D:11)
  A merfolk siren (Lair:3)
  3 black mambas
  2 gargoyles (Volcano)
  4 cane toads (Lair:1)
  2 molten gargoyles (Volcano)
  A rime drake (shapeshifter) (D:7)
  2 unseen horrors
  2 rime drakes (Lair:1)
  Jeremiah (Lair:1)
  An efreet (Volcano)
  6 komodo dragons
  3 trolls
  3 polar bears
  9 blink frogs
  Prince Ribbit (D:8)
  4 slime creatures
  49 yaks
  A shadow (D:11)
  2 wraiths
  Eustachio (D:5)
  2 fire elementals (Volcano)
  4 fire bats
  3 basilisks
  4 wyverns
  A hog (Lair:4)
  A vampire mosquito (D:9)
  2 steam dragons
  8 water moccasins
  2 hell hounds (Gauntlet)
  3 orc warriors
  An ice beast (D:6)
  A swamp drake (shapeshifter) (D:10)
  5 black bears
  A tengu (shapeshifter) (Lair:2)
  14 wolves
  2 ogres (D:6)
  5 centaurs
  4 lemures (D:7)
  2 phantoms (D:6)
  7 kobold brigands
  14 bullfrogs
  A gnoll sergeant (D:10)
  7 scorpions
  3 killer bees (D:9)
  2 jellies
  6 howler monkeys
  A bombardier beetle (D:5)
  A bullfrog zombie (D:5)
  2 hounds
  5 lava snakes (Volcano)
  2 sleepcaps (D:6)
  9 orc priests
  6 iguanas
  13 hell rats
  10 orc wizards
  2 polar bear simulacra (Lair:2)
  2 yak simulacra (Lair:2)
  A killer bee zombie (D:5)
  5 wolf simulacra (Lair:2)
  8 mummies (Ossuary)
  4 gnolls (D:10)
  13 river rats
  6 adders
  2 white imps (D:6)
  2 dart slugs (D:5)
  3 ribbon worms
  40 orcs
  6 ball pythons
  8 endoplasms
  A giant cockroach (D:3)
  7 goblins
  7 hobgoblins
  12 jackals
  31 kobolds
  3 quokkas
  3 bats
  5 frilled lizards
  2 gnoll zombies (Ossuary)
  4 hobgoblin zombies (Ossuary)
  A kobold zombie (Ossuary)
  An orc zombie (Ossuary)
  7 rats
  2 river rat simulacra (Lair:2)
456 creatures vanquished.

Vanquished Creatures (collateral kills)
  A yak (D:11)
  A water moccasin (D:8)
  A bullfrog (D:8)
  An orc priest (D:11)
  An orc wizard (D:7)
  An adder (D:5)
  2 orcs (D:7)
  A kobold (D:7)
  4 boulders
13 creatures vanquished.

Vanquished Creatures (others)
  A fire bat (Gauntlet)
  A gnoll (D:4)
  A white imp (D:5)
  An orc (D:4)
  A hobgoblin (D:4)
  2 boulders (D:9)
7 creatures vanquished.

Grand Total: 476 creatures vanquished

Notes
Turn   | Place    | Note
-------+----------+-------------------------------------------
     0 | D:1      | Xavori the Djinni Chaos Knight began the quest for the Orb.
     0 | D:1      | Reached XP level 1. HP: 20/20 MP: 0/0
    55 | D:1      | Reached XP level 2. HP: 25/25 MP: 0/0
    81 | D:1      | XOM: divination: magic mapping
   229 | D:1      | Reached XP level 3. HP: 29/30 MP: 0/0
   229 | D:1      | Learned a level 1 spell: Summon Small Mammal
   238 | D:1      | Reached skill level 1 in Spellcasting
   238 | D:1      | Reached skill level 1 in Conjurations
   238 | D:1      | Reached skill level 1 in Hexes
   238 | D:1      | Reached skill level 1 in Summonings
   238 | D:1      | Reached skill level 1 in Necromancy
   238 | D:1      | Reached skill level 1 in Translocations
   238 | D:1      | Reached skill level 1 in Fire Magic
   238 | D:1      | Reached skill level 1 in Ice Magic
   238 | D:1      | Reached skill level 1 in Air Magic
   238 | D:1      | Reached skill level 1 in Earth Magic
   238 | D:1      | Reached skill level 1 in Alchemy
   583 | D:1      | XOM: divination: detect creatures
   772 | D:1      | XOM: cast spell 'Leda's Liquefaction'
   775 | D:1      | Reached XP level 4. HP: 35/35 MP: 0/0
   861 | D:1      | Found a faded altar of an unknown god.
  2024 | D:1      | XOM: cloud trail
  2236 | D:1      | XOM: summons 3 hostile demons
  3060 | D:1      | XOM is BORED!
  3060 | D:1      | XOM: summons 3 hostile demons
  3122 | D:2      | XOM: scenery: summon butterflies
  4053 | D:1      | XOM: give mutation
  4053 | D:1      | Gained mutation: Your muscles are strong. (Str +4, Int/Dex
                  | -1) [Xom's mischief]
  4226 | D:1      | XOM: give mutations
  4226 | D:1      | Gained mutation: You occasionally shout uncontrollably at
                  | your foes. [Xom's mischief]
  4226 | D:1      | Gained mutation: You are dopey. (Int -2) [Xom's mischief]
  4226 | D:1      | Gained mutation: Your muscles are very strong. (Str +8,
                  | Int/Dex -2) [Xom's mischief]
  4555 | D:1      | XOM: torment (19/35 hp)
  5815 | D:1      | XOM: summons 3 hostile shadow creatures
  6484 | D:1      | XOM: silly message
  6626 | D:1      | XOM: cloud trail
  7680 | D:1      | XOM: scenery: summon butterflies
  7821 | D:1      | XOM: god gift: morningstar {god gift}
  7979 | D:1      | XOM: give mutation
  7979 | D:1      | Gained mutation: You have a beak for a mouth. [Xom's grace]
  8166 | D:1      | XOM: cloud trail
  8444 | D:1      | XOM: god gift: book of Cantrips
  8682 | D:1      | XOM is BORED!
  8688 | D:1      | XOM: cloud trail
  8692 | D:1      | XOM: give mutations
  8692 | D:1      | Gained mutation: You possess an exceptional clarity of
                  | mind. [Xom's grace]
  8692 | D:1      | Gained mutation: Your movements are slightly less
                  | encumbered by armour. (ER -2) [Xom's grace]
  8764 | D:1      | XOM: god gift: golden ring {god gift}
  8807 | D:1      | XOM: god gift: pair of glowing gloves {god gift}
  9257 | D:1      | XOM: give mutations
  9257 | D:1      | Gained mutation: You passively map a small area around you.
                  | [Xom's grace]
  9257 | D:1      | Gained mutation: You expend health (3 HP) to strengthen
                  | your wands. [Xom's grace]
  9257 | D:1      | Gained mutation: You have a somewhat thin skeletal
                  | structure. (Dex +2, Stealth+) [Xom's grace]
  9257 | D:1      | Lost mutation: You are dopey. (Int -2) [Xom's grace]
  9409 | D:2      | Found a hide-covered altar of Uskayaw.
  9821 | D:3      | XOM: give mutations
  9821 | D:3      | Gained mutation: You are partially covered in iridescent
                  | scales. (AC +2) [Xom's mischief]
  9821 | D:3      | Lost mutation: You are partially covered in iridescent
                  | scales. (AC +2) [Xom's mischief]
  9821 | D:3      | Lost mutation: You expend health (3 HP) to strengthen your
                  | wands. [Xom's mischief]
 10275 | D:3      | Found a broken altar of Ashenzari.
 10292 | D:3      | XOM: give mutations
 10292 | D:3      | Gained mutation: Your mind is acute. (Int +4, Str/Dex -1)
                  | [Xom's grace]
 10292 | D:3      | Gained mutation: You are partially covered in iridescent
                  | scales. (AC +2) [Xom's grace]
 10292 | D:3      | Gained mutation: Your spells are a little harder to cast,
                  | but a little more powerful. [Xom's grace]
 10450 | D:4      | Reached XP level 5. HP: 33/40 MP: 0/0
 10450 | D:4      | Learned a level 2 spell: Mercury Vapours
 10487 | D:4      | Found a snail-covered altar of Cheibriados.
 10488 | D:4      | Found a sacrificial altar of Ru.
 10583 | D:4      | XOM: 10-stop teleportation journey
 10786 | D:4      | Found a shimmering altar of Xom.
 10799 | D:4      | XOM: destruction
 11496 | D:4      | Found a glowing golden altar of the Shining One.
 11525 | D:5      | Entered Level 5 of the Dungeon
 11678 | D:5      | Reached XP level 6. HP: 46/46 MP: 0/0
 11698 | D:5      | XOM: polymorph iguana -> hobgoblin
 11815 | D:5      | Noticed a +0 dagger
 11815 | D:5      | Noticed a +0 dagger
 11874 | D:5      | Found a runed translucent door.
 11908 | D:5      | Found a hide-covered altar of Uskayaw.
 11935 | D:5      | Noticed Eustachio
 11944 | D:5      | XOM: summons 3 friendly demons
 11955 | D:5      | Killed Eustachio
 11956 | D:5      | Reached skill level 1 in Evocations
 11956 | D:5      | Reached XP level 7. HP: 43/52 MP: 0/0
 11956 | D:5      | Learned a level 3 spell: Gell's Gravitas
 12049 | D:5      | XOM: 1-stop teleportation journey
 12225 | D:5      | Found a sparkling altar of Nemelex Xobeh.
 12434 | D:5      | XOM: destruction
 12439 | D:5      | XOM: enchant monster (bad)
 12497 | D:5      | Found a basalt altar of Yredelemnul.
 12568 | D:5      | Noticed petzl's ghost (weakling FoDe)
 12587 | D:6      | Noticed a wraith
 12587 | D:6      | Found a staircase to the Ecumenical Temple.
 12601 | D:6      | XOM: cast spell 'Fugue of the Fallen'
 12610 | D:6      | XOM: potion effect (attraction)
 12626 | D:6      | XOM: enchant monster (bad)
 12628 | D:6      | XOM: enchant monster (good)
 12643 | D:6      | Killed a wraith
 12644 | D:6      | Reached XP level 8. HP: 17/58 MP: 0/0
 12790 | D:6      | Found Sotsixai's Vocational Training.
 12912 | D:5      | XOM: enchant monster (good)
 12956 | D:5      | XOM: cloud trail
 13173 | D:6      | XOM: divination: magic mapping
 13455 | D:6      | XOM: cast spell 'Summon Cactus Giant'
 13603 | D:6      | Reached skill level 5 in Fighting
 13685 | D:6      | Reached XP level 9. HP: 65/65 MP: 0/0
 13685 | D:6      | Learned a level 3 spell: Inner Flame
 13733 | D:6      | Reached skill level 5 in Dodging
 13824 | D:6      | XOM: confuse monster(s)
 13837 | D:6      | XOM: cast spell 'Fugue of the Fallen'
 13967 | D:6      | XOM: divination: magic mapping
 14072 | D:6      | Reached skill level 5 in Long Blades
 14172 | D:6      | Found Gaoneajy's Weapon Boutique.
 14451 | D:7      | XOM: summons friendly white imp
 14538 | D:7      | XOM: enchant monster (good)
 14556 | D:7      | Found a hazy altar of Hepliaklqana.
 14608 | D:7      | XOM: give mutations
 14608 | D:7      | Lost mutation: Your mind is acute. (Int +4, Str/Dex -1)
                  | [Xom's mischief]
 14608 | D:7      | Gained mutation: You occasionally lose the ability to drink
                  | potions when taking damage. [Xom's mischief]
 14608 | D:7      | Lost mutation: Your spells are a little harder to cast, but
                  | a little more powerful. [Xom's mischief]
 14698 | D:7      | Found a sand-covered staircase.
 14703 | Ossuary  | Entered an ossuary
 14760 | Ossuary  | XOM: fake destruction
 14790 | Ossuary  | XOM: give mutation
 14790 | Ossuary  | Gained mutation: Your spells are a little harder to cast,
                  | but a little more powerful. [Xom's grace]
 15085 | Ossuary  | Identified a scroll of acquirement
 15085 | Ossuary  | Acquired the scarf of Tiucaenk {rC+ rF+, rElec}
 15150 | D:7      | XOM: noise
 15180 | D:7      | XOM: swap monsters
 15253 | D:7      | Noticed Pikel
 15263 | D:7      | Pikel changed into Pikel the shapeshifter
 15263 | D:7      | XOM: polymorph Pikel -> Pikel the shapeshifter
 15263 | D:7      | Pikel the shapeshifter changed into Pikel the rime drake
 15263 | D:7      | Noticed Pikel (shapeshifter)
 15268 | D:7      | Killed Pikel the rime drake
 15269 | D:7      | Reached skill level 5 in Armour
 15269 | D:7      | Reached skill level 5 in Spellcasting
 15269 | D:7      | Reached skill level 5 in Conjurations
 15269 | D:7      | Reached skill level 5 in Hexes
 15269 | D:7      | Reached skill level 5 in Summonings
 15269 | D:7      | Reached skill level 5 in Necromancy
 15269 | D:7      | Reached skill level 5 in Translocations
 15269 | D:7      | Reached skill level 5 in Fire Magic
 15269 | D:7      | Reached skill level 5 in Ice Magic
 15269 | D:7      | Reached skill level 5 in Air Magic
 15269 | D:7      | Reached skill level 5 in Earth Magic
 15269 | D:7      | Reached skill level 5 in Alchemy
 15269 | D:7      | Reached XP level 10. HP: 48/72 MP: 0/0
 15438 | D:7      | XOM: silly message
 15624 | D:7      | Found an opulent altar of Gozag.
 15683 | D:7      | Identified the +1 short sword of the Desert {vamp, +Blink
                  | Int+8}
 15943 | D:7      | XOM: draining
 16167 | D:8      | Noticed Prince Ribbit
 16176 | D:8      | Killed Prince Ribbit
 16321 | D:8      | XOM: cast spell 'Cause Fear'
 16327 | D:8      | XOM: summons friendly ufetubus
 16570 | D:8      | Killed an unseen horror
 16571 | D:8      | Reached skill level 5 in Evocations
 16869 | D:8      | XOM: god gift: Great Wizards, Vol. VII
 17181 | D:9      | XOM: potion effect (might)
 17239 | D:9      | XOM: divination: magic mapping
 17359 | D:9      | Noticed a deep elf pyromancer
 17368 | D:9      | XOM: enchant monster (good)
 17369 | D:9      | Killed a deep elf pyromancer
 17370 | D:9      | Reached XP level 11. HP: 60/78 MP: 0/0
 17370 | D:9      | Learned a level 4 spell: Brom's Barrelling Boulder
 17481 | D:9      | XOM: chaos upgrade
 17752 | D:9      | Noticed Erolcha
 17761 | D:9      | XOM: butterfly on damage
 17761 | D:9      | XOM: smoke on damage
 17764 | D:9      | Killed Erolcha
 17801 | D:9      | XOM: draining
 17825 | D:8      | XOM: summons 4 hostile shadow creatures
 17827 | D:9      | XOM: chaos cloud
 17957 | D:9      | XOM: stat loss: -1 Str (18/19)
 18036 | D:9      | Noticed a brown ugly thing
 18044 | D:9      | XOM: chaos cloud
 18047 | D:9      | Killed a brown ugly thing
 18139 | D:9      | XOM: summons 1 hostile shadow creature
 18245 | D:9      | XOM: noise
 18522 | D:9      | XOM: draining
 18708 | D:10     | Entered Level 10 of the Dungeon
 18752 | D:10     | Found a staircase to the Lair.
 18792 | D:10     | XOM: polymorph orc warrior -> golden eye
 18794 | D:10     | a golden eye changed into a glowing shapeshifter
 18794 | D:10     | Noticed a glowing shapeshifter (glowing shapeshifter)
 18794 | D:10     | XOM: polymorph golden eye -> glowing shapeshifter
 18794 | D:10     | a glowing shapeshifter changed into a wolf
 18882 | D:10     | XOM: summons friendly ufetubus
 18954 | D:10     | Found a shadowy altar of Dithmenos.
 19716 | D:11     | XOM: stealth player
 19816 | D:11     | XOM is BORED!
 19816 | D:11     | Noticed a two-headed ogre
 19816 | D:11     | XOM: 1-stop teleportation journey
 19829 | D:11     | Killed a two-headed ogre
 19857 | D:11     | XOM: blink monster(s)
 20080 | D:11     | Found a runed translucent door.
 20081 | D:11     | Noticed swappor's ghost (journeyman GrEE)
 20113 | D:11     | Noticed a manticore
 20123 | D:11     | XOM: cast spell 'Animate Armour'
 20129 | D:11     | Killed a manticore
 20130 | D:11     | Reached XP level 12. HP: 60/86 MP: 0/0
 20189 | D:11     | Found a staircase to the Orcish Mines.
 20189 | D:11     | XOM: swap monsters
 20190 | D:11     | XOM: noise
 20213 | D:11     | XOM: summons 2 friendly demons
 20712 | Lair:1   | Entered Level 1 of the Lair of Beasts
 20755 | Lair:1   | Noticed Jeremiah
 20767 | Lair:1   | Killed Jeremiah
 20874 | Lair:1   | Noticed Gastronok
 20911 | Lair:1   | Killed Gastronok
 21019 | Lair:1   | XOM: cleaving
 21093 | Lair:1   | XOM: polymorph blink frog -> black mamba
 21094 | Lair:1   | XOM: give mutations
 21094 | Lair:1   | Lost mutation: You have a beak for a mouth. [Xom's
                  | mischief]
 21094 | Lair:1   | Gained mutation: You are mostly covered in iridescent
                  | scales. (AC +4) [Xom's mischief]
 21094 | Lair:1   | Lost mutation: Your muscles are very strong. (Str +8,
                  | Int/Dex -2) [Xom's mischief]
 21101 | Lair:1   | XOM: divination: magic mapping
 21111 | Lair:1   | XOM: 2-stop teleportation journey
 21280 | Lair:1   | XOM: noise
 21317 | Lair:1   | XOM: fog
 21549 | Lair:1   | Reached XP level 13. HP: 77/93 MP: 0/0
 21549 | Lair:1   | Learned a level 5 spell: Fireball
 21615 | Lair:2   | XOM: chaos cloud
 21618 | Lair:2   | XOM: give mutations
 21618 | Lair:2   | Lost mutation: Your muscles are strong. (Str +4, Int/Dex
                  | -1) [Xom's mischief]
 21618 | Lair:2   | Gained mutation: You have a moderately thin skeletal
                  | structure. (Dex +4, Stealth++) [Xom's mischief]
 21618 | Lair:2   | Lost mutation: You passively map a small area around you.
                  | [Xom's mischief]
 21799 | Lair:2   | Noticed a five-headed hydra
 21805 | Lair:2   | XOM: enchant monster (good)
 21811 | Lair:2   | XOM: polymorph wolf -> shapeshifter
 21820 | Lair:2   | Killed a five-headed hydra
 21943 | Lair:2   | XOM: stat loss: -1 Dex (19/20)
 22077 | Lair:2   | XOM: summons friendly white imp
 22172 | Lair:2   | XOM: polymorph yak -> steam dragon
 22240 | Lair:2   | XOM: torment (46/94 hp)
 22322 | Lair:2   | You are sucked into a shaft and drop 1 floor!
 22380 | Lair:3   | XOM: polymorph black mamba -> sun moth
 22388 | Lair:3   | XOM: cast spell 'Alistair's Intoxication'
 22526 | Lair:3   | Found a dark tunnel.
 22532 | Volcano  | Entered a volcano
 22552 | Volcano  | XOM: summons 7 hostile demons
 22553 | Volcano  | XOM: summons 5 hostile demons
 22706 | Volcano  | Noticed a stone giant
 22706 | Volcano  | XOM: 2-stop teleportation journey
 22715 | Volcano  | XOM: cast spell 'Metabolic Englaciation'
 22716 | Volcano  | XOM: butterfly on damage
 22717 | Volcano  | Killed a stone giant
 22718 | Volcano  | Reached skill level 10 in Dodging
 22718 | Volcano  | Found a burning altar of Makhleb.
 22720 | Volcano  | XOM: enchant monster (bad)
 22721 | Volcano  | XOM: enchant monster (good)
 22724 | Volcano  | XOM: divination: detect creatures
 22745 | Volcano  | XOM: repel stairs
 23006 | Volcano  | XOM: noise
 23075 | Volcano  | XOM: smoke on damage
 23388 | Lair:2   | XOM: 4-stop teleportation journey
 23626 | Lair:2   | Reached XP level 14. HP: 84/102 MP: 0/0
 24100 | Lair:3   | Found a hole to the Spider Nest.
 24346 | Lair:3   | Found a staircase to the Shoals.
 24795 | Lair:4   | XOM: smoke on damage
 24800 | Lair:4   | XOM: cleaving
 24914 | Lair:4   | Found a gate leading to a gauntlet.
 24921 | Gauntlet | XOM: stealth player
 24921 | Gauntlet | Entered a Gauntlet
 24921 | Gauntlet | Found a transporter.
 24921 | Gauntlet | Found a transporter.
 24934 | Gauntlet | Found a transporter.
 24952 | Gauntlet | Found a transporter.
 24952 | Gauntlet | Found a transporter.
 24952 | Gauntlet | Found a transporter.
 24955 | Gauntlet | Found a transporter.
 24955 | Gauntlet | Found a transporter.
 24968 | Gauntlet | Found a transporter.
 24985 | Gauntlet | Found a runed translucent gate.
 24986 | Gauntlet | Found a transporter.
 24986 | Gauntlet | Found a runed translucent gate.
 24987 | Gauntlet | Found a runed translucent gate.
 24996 | Gauntlet | Found a transporter.
 25011 | Gauntlet | Found a transporter.
 25031 | Gauntlet | Found a transporter.
 25040 | Gauntlet | Found a runed translucent door.
 25040 | Gauntlet | Found a runed translucent door.
 25044 | Gauntlet | Found a transporter.
 25069 | Gauntlet | XOM: summons friendly ufetubus
 25101 | Gauntlet | Identified the ring of Cex Buod {rN+ EV+5 Str+2 Stlth+}
 25119 | Gauntlet | XOM: polymorph torpor snail -> satyr
 25145 | Gauntlet | Identified the +0 pair of gloves of Dishonesty {^Contam
                  | *Slow rPois rC+++}
 25193 | Gauntlet | XOM: divine lightning
 25242 | Gauntlet | Identified the ring "Yzuimper" {rPois SInv}
 25248 | Gauntlet | XOM: enchant monster (bad)
 25284 | Gauntlet | Noticed a minotaur
 25303 | Gauntlet | Killed a minotaur
 25320 | Gauntlet | XOM: noise
 25426 | Lair:4   | XOM: 3-stop teleportation journey
 25428 | Lair:4   | XOM: 3-stop teleportation journey
 25613 | Lair:4   | XOM: stat loss: -1 Int (15/16)
 25648 | Lair:4   | Reached skill level 10 in Fighting
 25858 | Lair:4   | XOM: give mutation
 25858 | Lair:4   | Gained mutation: You expend health (3 HP) to strengthen
                  | your wands. [Xom's grace]
 25922 | Lair:4   | Noticed Kirke
 25932 | Lair:4   | Kirke changed into something unseen
 25932 | Lair:4   | XOM: polymorph Kirke -> something unseen
 25935 | Lair:4   | XOM: smoke on damage
 25944 | Lair:4   | Slain by an eight-headed hydra

Illustrated notes

Levels and vault maps discovered:
D:1:      dpeg_arrival_tiny_h, layout_loops_ring,
          shapermc_ecumenical_altar_venn, lexackson_kobold_supper
D:2:      layout_rooms, basic_altar, grunt_decor_resistance,
          minmay_misc_feat_rows
D:3:      layout_loops_ring, ashenzari_conservatory_becter
D:4:      layout_loops_corners, gammafunk_temple_overflow_forgotten,
          minmay_ruined_shrine
D:5:      layout_loops_ring, lemuel_zombie_altar_yredelemnul,
          dancing_weapons_uskayaw, marbit_many_paths, ebering_ghost_sewer_d,
          item_on_display_a, uniq_eustachio
D:6:      minmay_bubble_buster, layout_basic, minmay_temple_entry_statues,
          serial_shops, shop, nicolae_shop_vocational
D:7:      layout_basic, mainiacjoe_overflow_small_starburst,
          grunt_gozag_breadcrumbs, enter_ossuary_5, uniq_pikel
D:8:      layout_layer_cave, uniq_prince_ribbit1
D:9:      minmay_distorted_concentric_squares, layout_basic,
          minmay_misc_feat_room, uniq_erolcha
D:10:     layout_long_grid, nicolae_dithmenos_shadow_blocks, lair_entry_dummy,
          minmay_hedge_maze
D:11:     lemuel_ice_spiral_2, layout_stronghold, erik_orc_4,
          hellmonk_ghost_big_iron, st_stairs_7
Lair:1:   layout_hall_layers, uniq_gastronok, uniq_jeremiah
Lair:2:   layout_regular_city, eino_house_with_fridge
Lair:3:   layout_cave_pods, elwin_shoals_entry_rooms,
          spider_nest_entry_web_field, nicolae_volcano_entry_hallway,
          kennysheep_rathole, lemuel_fruit_fields
Lair:4:   layout_cellular_growth, gauntlet_entry_generic, uniq_kirke

Skill      XL: |  1  2  3  4  5  6  7  8  9 10 11 12 13 14 |
---------------+-------------------------------------------+-----
Spellcasting   | 1 2 3 4 5 6 7 8 9 |  9.4
Conjurations   | 1 2 3 4 5 6 7 8 9 |  9.4
Hexes          | 1 2 3 4 5 6 7 8 9 |  9.4
Summonings     | 1 2 3 4 5 6 7 8 9 |  9.4
Necromancy     | 1 2 3 4 5 6 7 8 9 |  9.4
Translocations | 1 2 3 4 5 6 7 8 9 |  9.4
Fire Magic     | 1 2 3 4 5 6 7 8 9 |  9.4
Ice Magic      | 1 2 3 4 5 6 7 8 9 |  9.4
Air Magic      | 1 2 3 4 5 6 7 8 9 |  9.4
Earth Magic    | 1 2 3 4 5 6 7 8 9 |  9.4
Alchemy        | 1 2 3 4 5 6 7 8 9 |  9.4
Long Blades    | 3 4 5 6 7 8 9 |  9.1
Armour         | 2 3 4 5 6 7 8 9 |  9.5
Dodging        | 3 4 5 7 8 9 10 | 10.6
Fighting       | 4 5 6 7 8 9 10 | 10.0
Evocations     | 1 2 3 4 5 6 7 8 9 |  9.0

Action                     |  1- 3 |  4- 6 |  7- 9 | 10-12 | 13-15 || total
---------------------------+-------+-------+-------+-------+-------++-------
  Melee: Falchion          |   124 |   172 |   303 |   380 |   235 ||  1214
         Punch             |     2 |     1 |     6 |     3 |     4 ||    16
         Peck              |       |    24 |    53 |    90 |       ||   167
         Unarmed           |       |       |       |       |     4 ||     4
         Scimitar          |       |       |       |       |   152 ||   152
   Cast: Summon Small Mamm |       |     1 |       |       |       ||     1
         Mercury Vapours   |       |     8 |    13 |    47 |    12 ||    80
         Gell's Gravitas   |       |       |     1 |    23 |     5 ||    29
         Inner Flame       |       |       |    11 |    64 |    37 ||   112
         Brom's Barrelling |       |       |       |     6 |     1 ||     7
         Fireball          |       |       |       |       |    65 ||    65
  Evoke: Wand              |       |       |     4 |     1 |       ||     5
    Use: Scroll            |       |     1 |    10 |     5 |     5 ||    21
         Potion            |       |       |     7 |       |     1 ||     8
   Stab: Sleeping          |     1 |    10 |     1 |       |     3 ||    15
         Distracted        |       |     4 |       |       |     2 ||     6
         Confused          |       |     1 |       |       |       ||     1
         Petrified         |       |     1 |       |       |       ||     1
         Paralysed         |       |       |       |     1 |       ||     1
 Armour: Leather armour    |    96 |    99 |   221 |    93 |       ||   509
         Skin              |       |       |    17 |       |     4 ||    21
         Troll leather arm |       |       |       |   224 |   279 ||   503
  Dodge: Dodged            |    95 |   112 |   212 |   392 |   446 ||  1257
  Block: Other             |       |       |       |    36 |   100 ||   136
         Reflection        |       |       |       |     3 |     2 ||     5

Table legend: (Time is in decaauts)
 A = Elapsed time spent in this place.
 B = Non-inter-level travel time spent in this place.
 C = Inter-level travel time spent in this place.
 D = Time resting spent in this place.
 E = Time spent auto-exploring this place.
 F = Levels seen in this place.
 G = Mean time per level.
                   A        B        C        D        E       F      G
               +--------+--------+--------+--------+--------+-----+--------+
         Total |  26064 |  25653 |    411 |  10465 |  11076 |  18 | 1448.0 |
       Dungeon |  20445 |  20109 |    336 |   9697 |   7906 |  11 | 1858.6 |
          Lair |   4174 |   4099 |     75 |    471 |   2583 |   4 | 1043.5 |
       Ossuary |    407 |    407 |      0 |    168 |    107 |   1 |  407.0 |
       Volcano |    609 |    609 |      0 |     76 |    340 |   1 |  609.0 |
      Gauntlet |    428 |    428 |      0 |     52 |    140 |   1 |  428.0 |
               +--------+--------+--------+--------+--------+-----+--------+

Top non-repeatable levels by time:
     D:1: 8895 daAuts
     D:6: 1661 daAuts
     D:9: 1552 daAuts
     D:5: 1356 daAuts
     D:7: 1295 daAuts
  Lair:2: 1292 daAuts
     D:4: 1115 daAuts
  Lair:3: 1107 daAuts
     D:8: 1022 daAuts
    D:10: 1008 daAuts
    D:11: 979 daAuts
  Lair:1: 969 daAuts
     D:2: 873 daAuts
  Lair:4: 804 daAuts
     D:3: 683 daAuts
